 Dungeon Crawl Stone Soup version 0.25-a0-1133-g93ebf739aa (webtiles) character file.

Game seed: 1793007278670608644, levelgen mode: classic

2386134 EnegeticOcto the Axe Maniac (level 27, 233/237 HPs)
             Began as a Formicid Summoner on May 21, 2020.
             Was the Champion of Nemelex Xobeh.
             Escaped with the Orb
             ... and 4 runes!
             The game lasted 01:45:24 (70507 turns).

EnegeticOcto the Axe Maniac (Formicid Summoner)    Turns: 70507, Time: 01:45:25

Health: 233/237    AC: 44    Str: 24    XL:     27
Magic:  33/33      EV: 17    Int: 11    God:    Nemelex Xobeh [******]
Gold:   4374       SH: 41    Dex: 13    Spells: 27/30 levels left

rFire    + + +     SeeInvis +   b - +8 executioner's axe (vamp)
rCold    + + .     Gourm    .   O - +10 tower shield of Ignorance {rN+ Int-4}
rNeg     + . .     Faith    .   A - +10 storm dragon scales
rPois    +         Spirit   .   (helmet unavailable)
rElec    +         Reflect  +   X - +1 cloak {rCorr}
rCorr    +         Harm     .   n - +1 pair of gloves "Vad Rue" {-Tele rPois rF+++ Slay+2}
MR       +++..                  R - +2 pair of boots {run}
Stlth    ..........             v - amulet of reflection
HPRegen  0.49/turn              a - ring of Omoylaux {rC++ MR+ Dex+4 SInv Stlth+}
MPRegen  0.23/turn              S - +4 ring of protection

@: quick
A: permanent stasis, dig shafts and tunnels, four strong arms, antennae 3, fangs
1, hooves 1, rugged brown scales 1, clumsy 1, dopey 1, low mp 1, poison
resistance, screaming 1, electricity resistance, subdued magic 1
0: Orb of Zot
}: 4/15 runes: serpentine, barnacled, slimy, silver
a: Dig, Shaft Self, Draw Escape, Draw Destruction, Draw Summoning, Triple Draw,
Deal Four, Stack Five, Renounce Religion


You escaped.
You worshipped Nemelex Xobeh.
Nemelex Xobeh was exalted by your worship.
You were full.

You visited 10 branches of the dungeon, and saw 54 of its levels.
You visited the Abyss 1 time.
You also visited: Gauntlet and Wizlab.

You collected 7818 gold pieces.
You spent 3444 gold pieces at shops.

Inventory:

Hand Weapons
 b - a +8 vampiric executioner's axe (weapon)
 Y - a +1 trishula of holy wrath
Missiles
 k - 8 throwing nets (quivered) {!f}
 p - 129 poisoned darts
 Q - 25 curare-tipped darts
Armour
 n - the +1 pair of gloves "Vad Rue" (worn) {-Tele rPois rF+++ Slay+2}
   (You acquired it on level 4 of the Shoals)

   It affects your accuracy and damage with ranged weapons and melee attacks
   (+2).
   It renders you almost immune to fire.
   It protects you from poison.
   It prevents most forms of teleportation.
 A - +10 storm dragon scales (worn)
 O - the +10 tower shield of Ignorance (worn) {rN+ Int-4}
   (You took it off a human on level 14 of the Dungeon)

   It affects your intelligence (-4).
   It protects you from negative energy.
 R - a +2 pair of boots of running (worn)
 X - a +1 cloak of preservation (worn)
Jewellery
 a - the ring of Omoylaux (left hand) {rC++ MR+ Dex+4 SInv Stlth+}
   (You found it in a wizard's laboratory)

   [ring of protection from magic]

   It affects your dexterity (+4).
   It greatly protects you from cold.
   It affects your resistance to hostile enchantments.
   It lets you see invisible.
   It makes you more stealthy.
 o - a +4 ring of slaying
 v - an amulet of reflection (around neck)
 E - the ring "Ohonyfum" {rPois rF+ rN+}
   (You found it on level 4 of the Shoals)

   [ring of poison resistance]

   It protects you from fire.
   It protects you from poison.
   It protects you from negative energy.
 S - a +4 ring of protection (right hand)
Wands
 q - a wand of polymorph (27)
 B - a wand of acid (58) {@v1}
 D - a wand of iceblast (6) {@v2}
 F - a wand of digging (4) {@v3}
 I - a wand of flame (116) {@v4}
 M - a wand of clouds (9)
 T - a wand of paralysis (37)
 V - a wand of disintegration (44)
Scrolls
 g - 2 scrolls of magic mapping {@r5 !r}
 t - 6 scrolls of fear {!r}
 w - 2 scrolls of immolation
 x - 7 scrolls of fog {!r}
 y - 17 scrolls of remove curse {@r2}
 z - a scroll of silence
 K - 8 scrolls of summoning
 N - 14 scrolls of identify {@r1}
 P - a scroll of holy word
 U - 4 scrolls of vulnerability
Potions
 c - 9 potions of flight
 f - 22 potions of curing {@q1 !q}
 h - 2 potions of resistance
 j - 6 potions of stabbing {@q5 !q}
 l - 2 potions of magic
 m - 16 potions of mutation
 r - 3 potions of ambrosia
 u - 4 potions of cancellation
 C - 9 potions of heal wounds {@q2 !q}
 H - 5 potions of lignification {@q6}
 J - a potion of invisibility
Miscellaneous
 i - a tin of tremorstones (3/3)
 G - a phial of floods
 L - 5 phantom mirrors
 Z - 3 boxes of beasts
Comestibles
 e - 87 rations


   Skills:
 + Level 22.2 Fighting
 O Level 27 Axes
   Level 6.7(19.5) Maces & Flails
 + Level 20.4 Armour
 + Level 15.1 Dodging
 - Level 3.0 Stealth
 + Level 25.1 Shields
 - Level 2.1 Spellcasting
 - Level 4.0 Summonings
 + Level 20.2 Invocations
 - Level 10.0 Evocations


You had 27 spell levels left.
You knew the following spells:

 Your Spells              Type           Power        Failure   Level  Hunger
a - Summon Small Mammal   Summ           #...         16%         1    ##.....
b - Call Imp              Summ           #.......     22%         2    ###....

Your spell library contained the following spells:

 Spells                   Type           Power        Failure   Level  Hunger
 Summon Butterflies       Summ           #.......     16%         1    ##.....
 Call Canine Familiar     Summ           #.......     43%         3    ####...
 Apportation              Tloc           #.....       63%         1    ##.....
 Corona                   Hex            #......      63%         1    ##.....
 Foxfire                  Conj/Fire      #...         63%         1    ##.....
 Freeze                   Ice            #...         63%         1    ##.....
 Infusion                 Chrm           #...         63%         1    ##.....
 Magic Dart               Conj           #...         63%         1    ##.....
 Shock                    Conj/Air       #...         63%         1    ##.....
 Sting                    Tmut/Pois      #...         63%         1    ##.....
 Summon Guardian Golem    Hex/Summ       #.......     73%         3    ####...
 Ensorcelled Hibernation  Hex/Ice        #.....       77%         2    ###....
 Passwall                 Tmut/Erth      #.......     77%         2    ###....
 Poisonous Vapours        Pois/Air       #.....       77%         2    ###....
 Searing Ray              Conj           #.....       77%         2    ###....
 Shroud of Golubria       Chrm/Tloc      #.....       77%         2    ###....
 Slow                     Hex            #.......     77%         2    ###....
 Song of Slaying          Chrm           #.......     77%         2    ###....
 Confusing Touch          Hex            #.......     94%         3    ####...
 Conjure Flame            Conj/Fire      #.......     94%         3    ####...
 Dazzling Flash           Conj/Hex       #.....       94%         3    ####...
 Frozen Ramparts          Ice            #.....       94%         3    ####...
 Gell's Gravitas          Tloc           #.........   94%         3    ####...
 Ignite Poison            Fire/Tmut/Pois #.......     94%         3    ####...
 Inner Flame              Hex/Fire       #.......     94%         3    ####...
 Lesser Beckoning         Tloc           #.........   94%         3    ####...
 Mephitic Cloud           Conj/Pois/Air  #.......     94%         3    ####...
 Ozocubu's Armour         Chrm/Ice       #.......     94%         3    ####...
 Portal Projectile        Hex/Tloc       #.....       94%         3    ####...
 Spectral Weapon          Hex/Chrm       #.......     94%         3    ####...
 Spider Form              Tmut/Pois      #.........   94%         3    ####...
 Static Discharge         Conj/Air       #.......     94%         3    ####...
 Teleport Other           Tloc           #.......     94%         3    ####...
 Tukima's Dance           Hex            #.......     94%         3    ####...
 Summon Ice Beast         Ice/Summ       #.......     98%         4    #####..
 Summon Lightning Spire   Summ/Air       #.......     98%         4    #####..
 Cause Fear               Hex            #.........   100%        4    #####..
 Fulminant Prism          Conj/Hex       #.........   100%        4    #####..
 Hailstorm                Conj/Ice       #.......     100%        4    #####..
 Iskenderun's Mystic Bla  Conj/Tloc      #.......     100%        4    #####..
 Leda's Liquefaction      Hex/Erth       #.........   100%        4    #####..
 Olgreb's Toxic Radiance  Pois           #.......     100%        4    #####..
 Sticky Flame             Conj/Fire      #.......     100%        4    #####..
 Alistair's Intoxication  Tmut/Pois      #.......     100%        5    ######.
 Blade Hands              Tmut           #.........   100%        5    ######.
 Bolt of Magma            Conj/Fire/Erth #.........   100%        5    ######.
 Fireball                 Conj/Fire      #.........   100%        5    ######.
 Irradiate                Conj/Tmut      #.........   100%        5    ######.
 Iskenderun's Battlesphe  Conj/Chrm      #.......     100%        5    ######.
 Lee's Rapid Deconstruct  Erth           #.........   100%        5    ######.
 Lightning Bolt           Conj/Air       #.........   100%        5    ######.
 Darkness                 Hex            #.........   100%        6    #######
 Dispersal                Tloc           #.........   100%        6    #######
 Eringya's Noxious Bog    Tmut/Pois      #.........   100%        6    #######
 Freezing Cloud           Conj/Ice/Air   #.........   100%        6    #######
 Hydra Form               Tmut           #.........   100%        6    #######
 Invisibility             Hex            #.......     100%        6    #######
 Iron Shot                Conj/Erth      #.........   100%        6    #######
 Simulacrum               Ice/Necr       #.........   100%        6    #######
 Starburst                Conj/Fire      #.........   100%        6    #######
 Statue Form              Tmut/Erth      #........    100%        6    #######
 Dragon Form              Tmut           #.........   100%        7    #######
 Orb of Destruction       Conj           #.........   100%        7    #######
 Ring of Flames           Chrm/Fire      #.........   100%        7    #######
 Spellforged Servitor     Conj/Summ      #.........   100%        7    #######
 Disjunction              Tloc           #.........   100%        8    #######
 Ignition                 Fire           #.........   100%        8    #######
 Dragon's Call            Summ           #.........   100%        9    #######
 Shatter                  Erth           #.........   100%        9    #######
 Tornado                  Air            #.........   100%        9    #######
 Blink                    Tloc           Unusable     N/A         2    N/A
 Swiftness                Chrm/Air       Unusable     N/A         2    N/A
 Passage of Golubria      Tloc           Unusable     N/A         4    N/A
 Controlled Blink         Tloc           Unusable     N/A         8    N/A

Dungeon Overview and Level Annotations

Branches:
Dungeon (15/15)            Temple (0/1) D:7            Lair (6/6) D:11
 Shoals (4/4) Lair:3        Snake (4/4) Lair:2        Slime (5/5) Lair:6
    Orc (2/2) D:9             Elf (3/3) Orc:2        Vaults (5/5) D:14
  Crypt (0/3) Vaults:3     Depths (5/5) D:15            Zot (5/5) Depths:5
 WizLab (visited)         Gauntlet (visited)

Altars:
Cheibriados
Dithmenos
Fedhas
Gozag
Nemelex Xobeh
Trog
Uskayaw
Yredelemnul
The Shining One
Beogh
Jiyva

Shops:
D:5 *   D:8 [   D:10 *   Orc:2 ?[[(   Elf:2 (   Elf:3 :   Shoals:3 **
Vaults:3 :   Depths:2 =   Depths:5 *

Portals:
Hell: Depths:1 Depths:2 Depths:3 Depths:4 Depths:5
Abyss: Depths:4
Pandemonium: Depths:3
Ziggurat: Depths:4

Annotations:
D:14 Roxanne
Snake:1 3 runed translucent doors, Zucourr's ghost, adept OpVM
Elf:2 5 runed translucent doors
Depths:2 3 runed translucent doors, Zedy's ghost, adept FeFE


Innate Abilities, Weirdness & Mutations

You cannot be hasted, slowed, berserked, paralysed or teleported.
You can dig through walls and to a lower floor.
Your four strong arms can wield two-handed weapons with a shield.
You have a pair of large antennae on your head. (SInv)
You have very sharp teeth.
You have large cloven feet.
You are partially covered in rugged brown scales. (AC +1, +3% HP)
You are clumsy. (Dex -2)
You are dopey. (Int -2)
Your magical capacity is low. (-10% MP)
Your system is resistant to poisons. (rPois)
You occasionally shout uncontrollably at your foes.
You are resistant to electric shocks. (rElec)
Your spells are a little easier to cast, but a little less powerful.


Message History

You slice the sixfirhy!!
You kill the sixfirhy!
You slice the cacodemon!! You block the cacodemon's attack. x2
You slash the cacodemon!
The cacodemon is almost dead.
You block the orange demon's attack. You block the cacodemon's attack. x2
You slash the cacodemon!
You kill the cacodemon!
You block the orange demon's attack. You block the orange demon's attack. x2
You slash the orange demon!
The orange demon is moderately wounded.
You slice the orange demon!!
The orange demon is severely wounded.
The orange demon closely misses you. The orange demon misses you.
You open the orange demon like a pillowcase!!!
You kill the orange demon!
No target in view!
No target in view!
(D) Dungeon (T) Temple (L) Lair (A) Shoals (P) Snake Pit (M) Slime Pits (O) Orcish Mines (E) Elven Halls (V) Vaults (C) Crypt (U) Depths (H) Hell (Z) Zot
Where to? (Enter - D:1 @ (x,y), ? - help)
There is an open door here.
There is an open door here.
There is an escape hatch in the floor here.
There is a stone staircase leading up here.
You climb upwards.
There is a stone staircase leading down here.
You see here 5 boomerangs.
There is a stone staircase leading up here.
You climb upwards.
There is a stone staircase leading down here.
There is a stone staircase leading up here.
You climb upwards.
There is a stone staircase leading down here.
A lorocyproca comes into view.
Unknown command.
There is a stone staircase leading up here.
You climb upwards.
There is a stone staircase leading down here.
(D) Dungeon (T) Temple (L) Lair (A) Shoals (P) Snake Pit (M) Slime Pits (O) Orcish Mines (E) Elven Halls (V) Vaults (C) Crypt (U) Depths (H) Hell (Z) Zot
Where to? (Enter - D:1 @ (x,y), ? - help)
You sense a monster nearby.
Unknown command.
Things that are here:
a +0 giant club; a +0 giant spiked club
There is a stone staircase leading up here.
You climb upwards.
There is a stone staircase leading down here.
(D) Dungeon (T) Temple (L) Lair (A) Shoals (P) Snake Pit (M) Slime Pits (O) Orcish Mines (E) Elven Halls (V) Vaults (C) Crypt (U) Depths (H) Hell (Z) Zot
Where to? (Enter - D:1 @ (x,y), ? - help)
An Orb Guardian comes into view.
There is an escape hatch in the ceiling here.
Unknown command.
Really go through this one-way escape hatch?
A mysterious force pulls you upwards. The hatch slams shut behind you.
(D) Dungeon (T) Temple (L) Lair (A) Shoals (P) Snake Pit (M) Slime Pits (O) Orcish Mines (E) Elven Halls (V) Vaults (C) Crypt (U) Depths (H) Hell (Z) Zot
Where to? (Enter - D:1 @ (x,y), ? - help)
There is an open door here.
There is an open door here.
Your magical contamination has completely faded away.
You sense a monster nearby.
There is a stone staircase leading up here.
Unknown command.
You climb upwards.
There is a stone staircase leading down here.
(D) Dungeon (T) Temple (L) Lair (A) Shoals (P) Snake Pit (M) Slime Pits (O) Orcish Mines (E) Elven Halls (V) Vaults (C) Crypt (U) Depths (H) Hell (Z) Zot
Where to? (Enter - D:1 @ (x,y), ? - help)
An Orb Guardian comes into view.
You extend your mandibles.
You dig through the rock wall.
You dig through the rock wall.
You dig through the rock wall.
You retract your mandibles.
There is a stone staircase leading up here.
You climb upwards.
There is a stone staircase leading down here.
(D) Dungeon (T) Temple (L) Lair (A) Shoals (P) Snake Pit (M) Slime Pits (O) Orcish Mines (E) Elven Halls (V) Vaults (C) Crypt (U) Depths (H) Hell (Z) Zot
Where to? (Enter - D:1 @ (x,y), ? - help)
You enter the shallow water.
Moving in this stuff is going to be slow.
There is a staircase leading out of the dungeon here.
You have escaped!

###..........#
#............#
#.########.###
########.########.#
#§§§≈≈≈≈.≈≈≈≈≈≈≈#.#
#§≈≈≈≈.....≈≈≈≈≈#.#
#≈≈....≈≈≈....§§#.#
#§.§.≈≈≈.≈≈≈...≈#.#
#§..≈≈..@.≈≈≈...§.#
#≈...≈≈≈.≈≈≈...≈###
#§§....≈≈≈....≈≈#
#§≈≈≈§.....≈≈§≈≈#
#§≈≈≈§≈≈≈≈≈≈≈≈≈≈#
#################


There were no monsters in sight!

Vanquished Creatures
  the Royal Jelly (Slime:5)
  10 ancient liches
  2 pandemonium lords
  8 orbs of fire (Zot:5)
  Mara (Shoals:3)
  Mennas (Vaults:3)
  Sojobo (Vaults:4)
  6 Killer Klowns
  Saint Roka (Orc:2)
  Vashnia (Snake:3)
  A caustic shrike (Slime:5)
  5 curse toes
  13 golden dragons
  Jory (Depths:3)
  A mutant beast (WizLab)
  the Enchantress (Depths:4)
  3 electric golems
  3 liches
  14 tentacled monstrosities
  25 Orb Guardians (Zot:5)
  Jorgrun (D:14)
  5 quicksilver dragons
  2 deep elf blademasters (Elf:3)
  Asterion (Depths:2)
  5 titans
  2 deep elf master archers (Elf:3)
  21 acid blobs
  An Executioner (D:9)
  5 sphinxes
  Polyphemus (Shoals:4)
  2 krakens
  The ghost of Necrophagist the Peltast, an adept GrFi of Cheibriados (Shoals:3)
  5 death cobs
  7 shadow dragons
  7 tengu reavers
  8 storm dragons
  Kirke (Lair:5)
  12 azure jellies
  13 nagarajas
  7 fire giants
  An orc warlord (Orc:2)
  3 ghost moths
  8 vault wardens
  6 draconian monks
  Louise (Snake:4)
  6 draconian knights
  11 frost giants
  7 deep elf sorcerers
  3 draconian scorchers
  Aizul (Shoals:4)
  An iron dragon (Depths:5)
  A cacodemon (D:9)
  3 draconian stormcallers
  2 deep elf elementalists
  7 draconian annihilators
  20 ironheart preservers
  9 caustic shrike skeletons
  3 entropy weavers
  4 draconian shifters
  17 stone giants
  6 spriggan defenders
  8 vampire knights
  An entropy weaver (shapeshifter) (Vaults:5)
  18 very ugly things
  9 green draconians
  9 deep elf demonologists
  2 grey draconians (Depths:5)
  8 white draconians
  15 deep elf annihilators
  2 dire elephants (Depths:4)
  A spark wasp (shapeshifter) (Depths:2)
  8 yellow draconians
  8 purple draconians
  9 spark wasps
  7 black draconians
  15 red draconians
  15 ettins
  A green death (Abyss:2)
  Snorg (D:13)
  9 deep elf death magi
  3 deep elf high priests (Elf:3)
  3 merfolk javelineers
  5 death oozes (Slime:5)
  13 fire dragons
  Josephine (D:14)
  5 jiangshi (Depths:3)
  11 great orbs of eyes
  7 merfolk impalers
  13 yaktaur captains
  A rakshasa (Depths:4)
  5 ice dragons
  A hell beast (Depths:5)
  28 vault guards
  5 hydras
  An ice dragon (shapeshifter) (WizLab)
  6 spriggan air magi
  16 naga warriors
  5 merfolk aquamancers
  3 catoblepae
  67 two-headed ogres
  2 merfolk avatars
  6 anacondas
  6 dancing weapons
  2 alligator snapping turtles
  6 centaur warriors
  A satyr (Shoals:3)
  5 orc high priests
  8 deep troll earth magi
  4 vampire magi
  A death knight (Vaults:1)
  19 ogre magi
  6 death yaks
  9 tengu warriors
  5 deep troll shamans
  9 spriggan berserkers
  A hell hog (D:12)
  4 thrashing horrors
  26 naga sharpshooters
  24 deep elf knights
  An iron golem (WizLab)
  43 spriggans
  4 iron trolls
  A soul eater (D:11)
  3 wretched stars (Abyss:2)
  6 skeletal warriors
  2 fire crabs (shapeshifter)
  A shadow wraith (Vaults:3)
  A hell knight (Vaults:2)
  A spatial maelstrom (Abyss:2)
  3 unseen horrors (shapeshifter)
  2 flayed ghosts (Vaults:4)
  A swamp dragon (shapeshifter) (Vaults:4)
  3 salamander mystics
  2 sea snakes (shapeshifter)
  A sixfirhy (D:9)
  3 unseen horrors
  5 glowing orange brains
  29 deep trolls
  7 spriggan druids (Depths:4)
  10 phantasmal warriors
  17 sea snakes
  13 ironbrand convokers
  A kraken simulacrum (Shoals:4)
  2 harpies (shapeshifter)
  An obsidian statue (Shoals:3)
  2 lindwurms (shapeshifter)
  2 wizards
  12 deep elf archers
  13 naga ritualists
  A golden dragon skeleton (D:15)
  4 necromancers
  15 harpies
  A lindwurm (Lair:6)
  19 orc knights
  3 wolf spiders
  3 oklob plants
  5 orc sorcerers
  4 fire giant zombies
  8 cyclopes
  7 shining eyes
  14 manticores
  A wolf spider (shapeshifter) (Vaults:3)
  15 salamanders
  52 deep elf magi
  12 moths of wrath
  4 frost giant zombies
  8 mana vipers
  5 fauns
  40 ugly things
  2 guardian serpents
  4 merfolk sirens
  2 guardian serpents (shapeshifter)
  3 molten gargoyles (Lair:6)
  8 vault sentinels
  11 water nymphs
  A black mamba (shapeshifter) (WizLab)
  5 orange demons
  33 black mambas
  A rust devil (Abyss:2)
  10 spiny frogs
  12 elephants (Lair:6)
  A gargoyle (D:14)
  31 naga magi
  A smoke demon (Abyss:2)
  An efreet (Depths:5)
  2 spiny frogs (shapeshifter)
  54 yaktaurs
  A yaktaur (shapeshifter) (WizLab)
  3 komodo dragons (shapeshifter)
  A rime drake (Lair:6)
  3 spriggan zombies
  8 komodo dragons
  3 kobold demonologists
  6 freezing wraiths
  24 merfolk
  9 tengu conjurers
  3 ancient zymes (Abyss:2)
  A troll (shapeshifter) (Depths:4)
  3 meliai (D:13)
  2 jumping spiders (shapeshifter)
  A queen bee (D:13)
  5 harpy zombies (Shoals:3)
  A polar bear (shapeshifter) (WizLab)
  12 trolls
  A jumping spider (Vaults:4)
  A queen bee (shapeshifter) (WizLab)
  17 hornets
  2 polar bears (Lair:6)
  An ice dragon zombie (Abyss:2)
  87 slime creatures
  5 raiju
  7 wind drakes
  A blink frog (shapeshifter) (WizLab)
  A deep troll zombie (D:15)
  2 dream sheep (Shoals:1)
  7 hippogriffs
  5 snapping turtles
  16 blink frogs
  11 flying skulls
  Sigmund (D:2)
  An air elemental (Elf:2)
  A fire dragon skeleton (Abyss:2)
  5 redbacks
  A redback (shapeshifter) (Vaults:5)
  3 vampires
  3 spriggans (shapeshifter)
  2 ynoxinuls (Abyss:2)
  10 wraiths
  3 basilisks (shapeshifter)
  10 water elementals
  3 hogs (shapeshifter)
  A tarantella (Vaults:3)
  2 fire bats (Depths:5)
  A shadow (Vaults:3)
  7 basilisks
  38 yaks
  A neqoxec (Abyss:2)
  14 wyverns
  5 fire elementals
  7 hogs (Lair:5)
  3 chaos spawn (Abyss:2)
  6 vampire mosquitoes
  5 golden eyes
  22 humans
  2 steam dragons (Lair:6)
  4 hungry ghosts
  A human simulacrum (Vaults:2)
  6 wargs
  A harpy simulacrum (D:15)
  A swamp worm (shapeshifter) (WizLab)
  7 acid dragons
  8 large abominations
  Edmund (D:6)
  2 soldier ants (shapeshifter)
  50 nagas
  2 floating eyes (shapeshifter)
  6 water moccasins
  12 hell hounds
  4 floating eyes (WizLab)
  8 porcupines
  53 orc warriors
  7 sky beasts
  4 ice beasts
  3 black bears (shapeshifter)
  3 eyes of draining (shapeshifter)
  5 necrophages (Lair:3)
  54 ogres
  9 eyes of draining
  2 phantoms
  A black bear (D:12)
  14 boggarts
  An ettin simulacrum (Vaults:3)
  A tengu (shapeshifter) (Depths:1)
  The ghost of waddelsworth the Insei, an amateur GnTm (D:5)
  18 wolves
  14 centaurs
  12 crocodiles
  14 small abominations
  4 big kobolds
  Blork the orc (D:6)
  18 bullfrogs
  A wyvern zombie (D:14)
  2 earth elementals (Elf:3)
  2 wyvern skeletons
  3 scorpions
  26 killer bees (D:13)
  5 wights (D:8)
  6 electric eels (Elf:3)
  11 howler monkeys
  2 spectral wolves (Depths:3)
  8 crimson imps
  4 lava snakes (Lair:6)
  4 centaur zombies
  A bullfrog zombie (D:11)
  3 quasits
  8 hounds
  38 orc wizards
  32 orc priests
  2 bullfrog skeletons
  3 jellies
  4 centaur skeletons
  A gnoll shaman (Orc:1)
  2 iron imps (Abyss:2)
  4 iguanas
  A hell rat (D:12)
  15 worker ants
  A killer bee zombie (D:8)
  A hound zombie (D:10)
  2 hound skeletons
  4 gnolls (Orc:1)
  14 adders
  4 shadow imps
  12 white imps (D:14)
  3 oozes
  An adder skeleton (D:5)
  5 worms
  A dart slug (D:1)
  2 leopard geckos (D:5)
  140 orcs
  2 ball pythons
  5 giant cockroaches
  2 goblins
  3 hobgoblins (D:2)
  15 jackals
  5 quokkas
  4 bats
  5 frilled lizards
  A jackal skeleton (D:7)
  19 kobolds
  A leopard gecko skeleton (D:5)
  A quokka zombie (D:5)
  8 rats
  6 crawling corpses (Elf:3)
  7 fungi
  18 plants
  10 tentacles
  A withered plant (D:15)
2660 creatures vanquished.

Vanquished Creatures (collateral kills)
  Nikola (Shoals:4)
  Rupert (Vaults:4)
  A sphinx (Vaults:4)
  A minotaur (Gauntlet)
  A merfolk impaler (Shoals:3)
  2 sea snakes (Shoals:4)
  5 ugly things (D:14)
  A merfolk (Shoals:4)
  A hippogriff (Shoals:3)
  Grinder (D:3)
  A sky beast (D:5)
  An ice beast (D:5)
  A giant cockroach (D:1)
  A hobgoblin (D:1)
  A jackal (D:5)
  A frilled lizard (D:5)
  A kobold (D:1)
22 creatures vanquished.

Vanquished Creatures (others)
  A rakshasa (Depths:3)
  A manticore (Shoals:2)
  A merfolk (Shoals:4)
  A snapping turtle (Shoals:4)
  A wyvern (D:13)
  A naga (Snake:2)
  A boggart (Depths:2)
  2 orcs
  A kobold (D:13)
  3 bushes
  18 fungi
  6 plants
  9 tentacles
  10 withered plants (Gauntlet)
56 creatures vanquished.

Grand Total: 2738 creatures vanquished

Notes
Turn   | Place    | Note
-------+----------+-------------------------------------------
     0 | D:1      | EnegeticOcto the Formicid Summoner began the quest for the
                  | Orb.
     0 | D:1      | Reached XP level 1. HP: 13/13 MP: 3/3
  1305 | D:1      | Reached XP level 2. HP: 17/20 MP: 3/5
  1310 | D:1      | Reached skill level 1 in Fighting
  1642 | D:2      | Found a sparkling altar of Nemelex Xobeh.
  1642 | D:2      | Found a blossoming altar of Fedhas.
  1647 | D:2      | Found a faded altar of an unknown god.
  1654 | D:2      | Reached XP level 3. HP: 23/27 MP: 4/6
  1656 | D:2      | Became a worshipper of Nemelex Xobeh the Trickster
  1694 | D:2      | Found a hide-covered altar of Uskayaw.
  1696 | D:2      | Found a faded altar of an unknown god.
  1849 | D:2      | Received a gift from Nemelex Xobeh
  1878 | D:2      | Noticed Sigmund
  1903 | D:2      | Killed Sigmund
  1903 | D:2      | Reached XP level 4. HP: 37/37 MP: 7/7
  1903 | D:2      | Reached XP level 5. HP: 42/42 MP: 8/8
  2018 | D:2      | Reached XP level 6. HP: 30/48 MP: 9/9
  2647 | D:2      | Learned a level 2 spell: Call Imp
  3116 | D:3      | Reached * piety under Nemelex Xobeh
  3338 | D:3      | Reached skill level 1 in Axes
  3718 | D:3      | Noticed Grinder
  3732 | D:3      | Killed Grinder
  3732 | D:3      | Reached skill level 2 in Axes
  3732 | D:3      | Reached skill level 1 in Shields
  3732 | D:3      | Reached XP level 7. HP: 55/55 MP: 10/10
  4663 | D:4      | Reached skill level 3 in Axes
  4965 | D:4      | Found a bloodstained altar of Trog.
  4993 | D:5      | Entered Level 5 of the Dungeon
  5153 | D:5      | Reached skill level 5 in Fighting
  5262 | D:5      | Reached XP level 8. HP: 53/62 MP: 11/11
  5388 | D:5      | Reached skill level 4 in Axes
  5417 | D:5      | Found a shadowy altar of Dithmenos.
  5571 | D:5      | Found a transporter.
  5593 | D:5      | Noticed waddelsworth's ghost (amateur GnTm)
  5594 | D:5      | Identified the +5 great mace "Sallask" {freeze, *Slow rF+
                  | rN+ Str+4}
  5626 | D:5      | Noticed a two-headed ogre
  5645 | D:5      | Killed a two-headed ogre
  5645 | D:5      | Reached skill level 5 in Axes
  5655 | D:5      | Reached skill level 5 in Invocations
  5655 | D:5      | Reached XP level 9. HP: 66/69 MP: 12/12
  5677 | D:5      | Reached skill level 6 in Axes
  5864 | D:5      | Got a translucent dagger
  6005 | D:5      | Received a gift from Nemelex Xobeh
  6014 | D:5      | Identified the cursed +0 dagger of Fate {pain, Str+4} (You
                  | found it on level 5 of the Dungeon)
  6059 | D:5      | Found a glowing golden altar of the Shining One.
  6111 | D:5      | Reached ** piety under Nemelex Xobeh
  6154 | D:5      | Found Teqe's General Store.
  6157 | D:5      | Bought a scroll of identify for 24 gold pieces
  6554 | D:5      | Found a transporter.
  6568 | D:5      | Reached skill level 7 in Axes
  6577 | D:5      | Killed waddelsworth's ghost
  6739 | D:6      | Noticed Blork the orc
  6745 | D:6      | Killed Blork the orc
  6745 | D:6      | Reached skill level 1 in Maces & Flails
  6790 | D:6      | Noticed Edmund
  6797 | D:6      | Killed Edmund
  7097 | D:7      | Reached XP level 10. HP: 70/79 MP: 13/15
  7394 | D:7      | Reached *** piety under Nemelex Xobeh
  7413 | D:7      | Found a staircase to the Ecumenical Temple.
  8018 | D:8      | Reached skill level 5 in Maces & Flails
  8214 | D:8      | Noticed a two-headed ogre
  8223 | D:8      | Killed a two-headed ogre
  8607 | D:8      | Found Joupnuthio's Antique Armour Shop.
  8627 | D:8      | Bought a glowing chain mail for 247 gold pieces
  9281 | D:9      | Identified a scroll of acquirement
  9309 | D:9      | Received a gift from Nemelex Xobeh
  9336 | D:9      | Reached **** piety under Nemelex Xobeh
  9472 | D:9      | Found a staircase to the Orcish Mines.
  9497 | D:9      | Reached skill level 8 in Axes
  9638 | D:9      | Reached XP level 11. HP: 72/89 MP: 16/16
  9763 | D:9      | Received a gift from Nemelex Xobeh
 10286 | D:10     | Entered Level 10 of the Dungeon
 10346 | D:10     | Reached skill level 9 in Axes
 10460 | D:10     | Found Ipsypp's General Store.
 10460 | D:10     | Received a gift from Nemelex Xobeh
 10566 | D:10     | Bought a +0 pair of boots for 72 gold pieces
 10580 | D:10     | Reached skill level 10 in Fighting
 10909 | D:10     | Reached skill level 10 in Axes
 10945 | D:10     | Received a gift from Nemelex Xobeh
 11402 | D:10     | Reached ***** piety under Nemelex Xobeh
 11793 | D:11     | Reached skill level 11 in Axes
 11794 | D:11     | Noticed a cyclops
 11800 | D:11     | Noticed a manticore
 11807 | D:11     | Killed a cyclops
 11813 | D:11     | Killed a manticore
 12357 | D:11     | Reached XP level 12. HP: 97/97 MP: 17/17
 12380 | D:11     | Found a staircase to the Lair.
 12515 | D:11     | Reached skill level 12 in Axes
 12788 | D:11     | Received a gift from Nemelex Xobeh
 13573 | D:11     | Received a gift from Nemelex Xobeh
 14065 | Lair:1   | Entered Level 1 of the Lair of Beasts
 14150 | Lair:1   | Reached skill level 13 in Axes
 14476 | Lair:1   | Received a gift from Nemelex Xobeh
 15297 | Lair:2   | Found a staircase to the Snake Pit.
 15318 | Lair:2   | Reached skill level 14 in Axes
 15746 | Lair:2   | Received a gift from Nemelex Xobeh
 16398 | Lair:3   | Reached XP level 13. HP: 103/103 MP: 18/18
 16429 | Lair:3   | Reached ****** piety under Nemelex Xobeh
 16513 | Lair:3   | Received a gift from Nemelex Xobeh
 17255 | Lair:3   | Reached skill level 15 in Axes
 17445 | Lair:3   | Found a staircase to the Shoals.
 17601 | Lair:3   | Noticed a four-headed hydra
 17605 | Lair:3   | Killed a four-headed hydra
 18374 | Lair:4   | Received a gift from Nemelex Xobeh
 18574 | Lair:4   | Noticed an eight-headed hydra
 18588 | Lair:4   | Killed an eight-headed hydra
 19030 | Lair:5   | Reached skill level 16 in Axes
 19177 | Lair:5   | Noticed Kirke
 19288 | Lair:5   | Killed Kirke
 19733 | Lair:5   | Received a gift from Nemelex Xobeh
 20351 | Lair:6   | Entered Level 6 of the Lair of Beasts
 20360 | Lair:6   | Reached skill level 17 in Axes
 20631 | D:5      | Bought a wand of flame (18) for 120 gold pieces
 20631 | D:5      | Bought a scroll of enchant weapon for 90 gold pieces
 20757 | D:10     | Bought a tin of tremorstones (3/3) for 640 gold pieces
 20874 | Lair:6   | Reached skill level 1 in Evocations
 20874 | Lair:6   | Reached XP level 14. HP: 42/110 MP: 19/19
 21782 | Lair:6   | Received a gift from Nemelex Xobeh
 22158 | Lair:6   | Reached skill level 18 in Axes
 22293 | Lair:6   | Found a runed translucent door.
 22500 | Lair:6   | Found a viscous altar of Jiyva.
 22500 | Lair:6   | Found a staircase to the Slime Pits.
 22500 | Lair:6   | Noticed an acid blob
 22866 | Orc:1    | Entered Level 1 of the Orcish Mines
 23063 | Orc:1    | Received a gift from Nemelex Xobeh
 23117 | Orc:2    | Entered Level 2 of the Orcish Mines
 23117 | Orc:2    | Found a staircase to the Elven Halls.
 23162 | Orc:2    | Noticed an orc warlord
 23175 | Orc:2    | Killed an orc warlord
 23691 | Orc:2    | Noticed Saint Roka
 23819 | Orc:1    | Reached XP level 15. HP: 54/120 MP: 20/20
 24516 | Orc:2    | Noticed Maurice
 24726 | Orc:2    | Noticed Maurice
 24726 | Orc:2    | Maurice changed into Maurice the worm
 24733 | Orc:1    | Killed Maurice the worm
 24970 | Orc:2    | Killed Saint Roka
 25211 | Orc:2    | Reached skill level 19 in Axes
 25651 | Orc:2    | Found a roughly hewn altar of Beogh.
 25883 | Orc:2    | Found a roughly hewn altar of Beogh.
 25891 | Orc:2    | Received a gift from Nemelex Xobeh
 25945 | Orc:2    | Found a roughly hewn altar of Beogh.
 25945 | Orc:2    | Found Vihaivuy's Magic Scroll Shoppe.
 25984 | Orc:2    | Found a roughly hewn altar of Beogh.
 25987 | Orc:2    | Found Suros's Antique Armour Shoppe.
 26022 | Orc:2    | Found Foreplum's Antique Armour Shop.
 26024 | Orc:2    | Found a roughly hewn altar of Beogh.
 26028 | Orc:2    | Found Hayclel's Antique Weapon Boutique.
 26161 | Orc:2    | Received a gift from Nemelex Xobeh
 26878 | D:12     | Received a gift from Nemelex Xobeh
 26905 | D:12     | Noticed Azrael
 26912 | D:12     | Noticed Azrael
 26912 | D:12     | Azrael changed into Azrael the hell hog
 26921 | D:12     | Killed Azrael the hell hog
 27218 | Orc:2    | Bought a distressingly furry plate armour for 896 gold
                  | pieces
 27228 | Orc:2    | Identified the +1 plate armour of Marbles {rElec rF+++ MR-
                  | Str-2} (You bought it in a shop on level 2 of the Orcish
                  | Mines)
 27927 | D:12     | Received a gift from Nemelex Xobeh
 28158 | D:13     | Noticed Sonja
 28174 | D:13     | Noticed Sonja
 28174 | D:13     | Sonja changed into Sonja the crocodile
 28178 | D:13     | Killed Sonja the crocodile
 28694 | D:13     | Noticed Snorg
 28705 | D:13     | Killed Snorg
 28902 | D:13     | Found an opulent altar of Gozag.
 29177 | D:13     | Received a gift from Nemelex Xobeh
 29361 | D:14     | Noticed Jorgrun
 29365 | D:14     | Found a gate leading to a gauntlet.
 29381 | D:14     | Noticed Josephine
 29382 | Gauntlet | Entered a Gauntlet
 29382 | Gauntlet | Found a transporter.
 29382 | Gauntlet | Found a transporter.
 29424 | Gauntlet | Noticed a ghost moth
 29424 | Gauntlet | a death yak changed into a ghost moth
 29438 | Gauntlet | a ghost moth changed into a great orb of eyes
 29631 | Gauntlet | Found a transporter.
 29642 | Gauntlet | Found a transporter.
 29655 | Gauntlet | Found a transporter.
 29659 | Gauntlet | Found a large runed translucent door.
 29661 | Gauntlet | Found a large runed translucent door.
 29662 | Gauntlet | Found a large runed translucent door.
 29662 | Gauntlet | Found a large runed translucent door.
 29663 | Gauntlet | Found a runed translucent gate.
 29664 | Gauntlet | Found a transporter.
 29664 | Gauntlet | Found a runed translucent gate.
 29665 | Gauntlet | Found a runed translucent gate.
 29666 | Gauntlet | Found a large runed translucent door.
 29666 | Gauntlet | Found a large runed translucent door.
 29667 | Gauntlet | Found a large runed translucent door.
 29668 | Gauntlet | Found a large runed translucent door.
 29677 | Gauntlet | Found a large runed translucent door.
 29677 | Gauntlet | Found a large runed translucent door.
 29677 | Gauntlet | Found a runed translucent door.
 29677 | Gauntlet | Found a runed translucent door.
 29678 | Gauntlet | Found a large runed translucent door.
 29679 | Gauntlet | Found a large runed translucent door.
 29681 | Gauntlet | Found a transporter.
 29689 | Gauntlet | Found a transporter.
 29706 | Gauntlet | Found a transporter.
 29748 | Gauntlet | Found a transporter.
 29749 | Gauntlet | Found a transporter.
 29758 | Gauntlet | Found a transporter.
 29797 | Gauntlet | Found a large runed translucent door.
 29798 | Gauntlet | Found a large runed translucent door.
 29799 | Gauntlet | Found a large runed translucent door.
 29799 | Gauntlet | Found a large runed translucent door.
 29857 | Gauntlet | Got a clouded tin ring
 29908 | Gauntlet | Got a pair of translucent gloves
 29919 | Gauntlet | Identified the +0 pair of gloves of Babrirost {rC+ MR+}
                  | (You found it in a Gauntlet)
 30338 | Gauntlet | Identified the ring "Gaistuz" {rF- Int+2 SInv Stlth+} (You
                  | found it in a Gauntlet)
 30348 | D:14     | Killed Josephine
 30348 | D:14     | Reached skill level 20 in Axes
 30348 | D:14     | Reached XP level 16. HP: 128/131 MP: 12/21
 30407 | D:14     | Killed Jorgrun
 30954 | D:14     | Found a gate to the Vaults.
 31042 | D:14     | Received a gift from Nemelex Xobeh
 31156 | D:14     | Identified Roxanne's Handbook of Moulding
 31156 | D:14     | Noticed Roxanne
 31257 | D:14     | Received a gift from Nemelex Xobeh
 31639 | D:15     | Entered Level 15 of the Dungeon
 31887 | D:15     | Reached skill level 5 in Shields
 32168 | D:15     | Found a staircase to the Depths.
 32301 | D:15     | Received a gift from Nemelex Xobeh
 32415 | D:15     | Reached XP level 17. HP: 140/140 MP: 22/22
 32979 | Lair:6   | Found a large runed translucent door.
 32980 | Lair:6   | Found a large runed translucent door.
 33017 | Lair:6   | Reached skill level 21 in Axes
 33506 | Orc:2    | Bought a scroll of fear for 56 gold pieces
 33506 | Orc:2    | Bought a scroll of identify for 32 gold pieces
 33506 | Orc:2    | Bought a scroll of identify for 32 gold pieces
 33506 | Orc:2    | Bought a scroll of identify for 32 gold pieces
 33672 | Shoals:1 | Entered Level 1 of the Shoals
 34014 | Snake:1  | Entered Level 1 of the Snake Pit
 34119 | Snake:1  | Found a snail-covered altar of Cheibriados.
 34123 | Snake:1  | Received a gift from Nemelex Xobeh
 34811 | Snake:1  | Found a runed translucent gate.
 34811 | Snake:1  | Found a runed translucent gate.
 34812 | Snake:1  | Found a runed translucent gate.
 34814 | Snake:1  | Noticed Zucourr's ghost (adept OpVM)
 34999 | Snake:2  | Reached skill level 10 in Shields
 35276 | Snake:2  | Received a gift from Nemelex Xobeh
 35334 | Snake:2  | Reached skill level 15 in Fighting
 35916 | Snake:2  | Received a gift from Nemelex Xobeh
 36355 | Snake:2  | Reached XP level 18. HP: 149/149 MP: 23/23
 36946 | Snake:3  | Received a gift from Nemelex Xobeh
 37207 | Snake:3  | Noticed Vashnia
 37242 | Snake:3  | Killed Vashnia
 37618 | Snake:3  | Reached skill level 22 in Axes
 38248 | Snake:4  | Entered Level 4 of the Snake Pit
 38262 | Snake:4  | Received a gift from Nemelex Xobeh
 38632 | Snake:4  | Noticed Louise
 38657 | Snake:4  | Killed Louise
 39082 | Snake:4  | Received a gift from Nemelex Xobeh
 39275 | Snake:4  | Reached XP level 19. HP: 129/155 MP: 24/24
 39965 | Snake:4  | Got a serpentine rune of Zot
 40418 | Snake:4  | Reached skill level 15 in Shields
 40888 | Shoals:1 | Received a gift from Nemelex Xobeh
 41019 | Shoals:1 | Reached skill level 23 in Axes
 41439 | Shoals:1 | Received a gift from Nemelex Xobeh
 41973 | Orc:2    | Bought a pair of runed gloves for 240 gold pieces
 43203 | Shoals:3 | Noticed Mara
 43221 | Shoals:3 | Killed Mara
 43260 | Shoals:3 | Found a runed translucent gate.
 43261 | Shoals:3 | Found a runed translucent gate.
 43262 | Shoals:3 | Found a runed translucent gate.
 43263 | Shoals:3 | Found an opulent altar of Gozag.
 43265 | Shoals:3 | Noticed Necrophagist's ghost (adept GrFi)
 43267 | Shoals:3 | Found Meukhum's Assorted Antiques.
 43364 | Shoals:3 | Received a gift from Nemelex Xobeh
 43612 | Shoals:3 | Reached XP level 20. HP: 148/162 MP: 25/25
 44146 | Shoals:3 | Killed Necrophagist's ghost
 44310 | Shoals:3 | Bought a runed cloak for 352 gold pieces
 44310 | Shoals:3 | Bought a potion of heal wounds for 235 gold pieces
 44310 | Shoals:3 | Bought a potion of cancellation for 376 gold pieces
 44345 | Shoals:4 | Entered Level 4 of the Shoals
 44589 | Shoals:4 | Received a gift from Nemelex Xobeh
 44764 | Shoals:4 | Noticed Aizul
 44800 | Shoals:4 | Noticed Nikola
 44808 | Shoals:4 | Killed Aizul
 44823 | Shoals:4 | Identified the +3 glaive of Raxavifo {flame, *Slow Str+7
                  | Dex+4}
 44827 | Shoals:4 | Killed Nikola
 44879 | Shoals:4 | Got the +1 pair of gloves "Vad Rue" {-Tele rPois rF+++
                  | Slay+2}
 45541 | Shoals:4 | Noticed Polyphemus
 45559 | Shoals:4 | Killed Polyphemus
 45595 | Shoals:4 | Received a gift from Nemelex Xobeh
 45723 | Shoals:4 | Got a barnacled rune of Zot
 46142 | Shoals:4 | Got a faintly glowing bone ring
 46253 | Shoals:4 | Identified the ring "Ohonyfum" {rPois rF+ rN+} (You found
                  | it on level 4 of the Shoals)
 46503 | Elf:1    | Entered Level 1 of the Elven Halls
 46561 | Elf:1    | Reached skill level 24 in Axes
 46601 | Elf:1    | Identified the Incunabulum of Attacks
 46619 | Elf:1    | Received a gift from Nemelex Xobeh
 46966 | Elf:1    | Received a gift from Nemelex Xobeh
 47269 | Elf:2    | Found Wivaomnu's Antique Weapon Shoppe.
 47451 | Elf:2    | Reached XP level 21. HP: 168/168 MP: 26/26
 47604 | Elf:2    | Found a huge runed translucent gate.
 47604 | Elf:2    | Found a huge runed translucent gate.
 47604 | Elf:2    | Found a huge runed translucent gate.
 47604 | Elf:2    | Found a huge runed translucent gate.
 47604 | Elf:2    | Found a huge runed translucent gate.
 48015 | Vaults:1 | Entered Level 1 of the Vaults
 48020 | Vaults:1 | Received a gift from Nemelex Xobeh
 48244 | Vaults:1 | Reached skill level 5 in Armour
 48658 | Vaults:1 | Cast into level 2 of the Abyss (a wizard)
 48658 | Abyss:2  | Found a corrupted altar of Lugonu.
 48666 | Abyss:2  | Found a sacrificial altar of Ru.
 48785 | Abyss:2  | Received a gift from Nemelex Xobeh
 48899 | Abyss:2  | Received a gift from Nemelex Xobeh
 49199 | Vaults:1 | Escaped the Abyss
 49486 | Vaults:1 | Received a gift from Nemelex Xobeh
 50032 | Vaults:2 | Received a gift from Nemelex Xobeh
 50372 | Vaults:2 | Reached skill level 5 in Evocations
 50468 | Vaults:2 | Reached XP level 22. HP: 176/176 MP: 28/28
 50648 | Vaults:2 | Received a gift from Nemelex Xobeh
 51185 | Vaults:3 | Received a gift from Nemelex Xobeh
 51195 | Vaults:3 | Noticed Mennas
 51212 | Vaults:3 | Killed Mennas
 51212 | Vaults:3 | Reached skill level 5 in Dodging
 51265 | Vaults:3 | Found a magical portal.
 51270 | WizLab   | Entered Cigotuvi's Fleshworks
 51407 | WizLab   | Received a gift from Nemelex Xobeh
 51802 | WizLab   | Reached skill level 10 in Invocations
 51969 | WizLab   | Got a smoking brass ring
 52009 | WizLab   | Identified Cigotuvi's Tome of Unholy Transmutation
 52013 | WizLab   | Identified the Guide on Transmigration
 52190 | Vaults:3 | Reached skill level 25 in Axes
 52350 | Vaults:3 | Found a staircase to the Crypt.
 52474 | Vaults:3 | Received a gift from Nemelex Xobeh
 52607 | Vaults:3 | Reached skill level 10 in Armour
 52717 | Vaults:3 | Reached XP level 23. HP: 179/184 MP: 30/30
 52775 | Vaults:3 | Received a gift from Nemelex Xobeh
 52910 | Vaults:3 | Found Deoguegh's Book Shop.
 53391 | Vaults:4 | Received a gift from Nemelex Xobeh
 53783 | Vaults:4 | Noticed Rupert
 53783 | Vaults:4 | Noticed Sojobo
 53798 | Vaults:4 | Killed Rupert
 53813 | Vaults:4 | Killed Sojobo
 54419 | Vaults:4 | Received a gift from Nemelex Xobeh
 54754 | Vaults:4 | Identified the ring of Omoylaux {rC++ MR+ Dex+4 SInv
                  | Stlth+} (You found it in a wizard's laboratory)
 55052 | Elf:3    | Entered Level 3 of the Elven Halls
 55094 | Elf:3    | Received a gift from Nemelex Xobeh
 55178 | Elf:3    | Found Poostrai's Book Shop.
 55487 | Elf:3    | Received a gift from Nemelex Xobeh
 56013 | Elf:3    | Reached XP level 24. HP: 193/193 MP: 31/31
 56019 | Elf:3    | Identified the ring "Sobyres" {*Tele Int+3}
 56068 | Elf:3    | Identified the +7 lajatang of Ihilyuf {protect, *Noise rN+
                  | Str+5 Stlth+}
 56239 | Elf:3    | Identified the +7 great mace of the Unseen Realm {flame,
                  | rElec SInv}
 56300 | Elf:3    | Received a gift from Nemelex Xobeh
 56351 | Elf:3    | Identified the +2 cloak of the Doldrums {+Blink} (You found
                  | it on level 3 of the Elven Halls)
 56375 | Elf:3    | Found the +7 Spriggan's Knife {stab, EV+4 Stlth+}
 56381 | Elf:3    | Identified the amulet "Rizol" {Inacc Str+8 Dex-3} (You
                  | found it on level 3 of the Elven Halls)
 56383 | Elf:3    | Identified the ring of Okymiqen {Dex+2 Stlth-} (You found
                  | it on level 3 of the Elven Halls)
 56687 | Depths:1 | Entered Level 1 of the Depths
 56927 | Depths:1 | Received a gift from Nemelex Xobeh
 56960 | Depths:1 | Found a gateway to Hell.
 57076 | Depths:1 | Found a glowing golden altar of the Shining One.
 57626 | Depths:2 | Identified the cursed +1 war axe of the Old World {vorpal,
                  | *Rage +Rage MR+ Int+4}
 57633 | Depths:2 | Noticed a golden dragon
 57659 | Depths:2 | Killed a golden dragon
 57678 | Depths:2 | Noticed a golden dragon
 57695 | Depths:2 | Killed a golden dragon
 57712 | Depths:2 | Reached skill level 26 in Axes
 57749 | Depths:2 | Reached XP level 25. HP: 199/202 MP: 32/32
 57761 | Depths:2 | Noticed Asterion
 57800 | Depths:2 | Killed Asterion
 57823 | Depths:2 | Found a runed translucent gate.
 57823 | Depths:2 | Found a runed translucent gate.
 57823 | Depths:2 | Found a runed translucent gate.
 57824 | Depths:2 | Identified the +8 plate armour of Gallantry {rF+ Slay+2}
                  | (You found it on level 2 of the Depths)
 57902 | Depths:2 | You fall into a shaft and drop 2 floors!
 57957 | Depths:4 | Found a gateway to a ziggurat.
 58147 | Depths:3 | Received a gift from Nemelex Xobeh
 58665 | Depths:3 | Received a gift from Nemelex Xobeh
 58673 | Depths:3 | Found a one-way gate leading to the halls of Pandemonium.
 58828 | Depths:2 | Found Huobaxt's Jewellery Shoppe.
 59092 | Depths:2 | Noticed an ancient lich
 59093 | Depths:2 | Noticed an ancient lich
 59095 | Depths:2 | Noticed Zedy's ghost (adept FeFE)
 59205 | Depths:2 | Reached skill level 15 in Armour
 59837 | Depths:3 | Found a basalt altar of Yredelemnul.
 59837 | Depths:3 | Noticed Jory
 59853 | Depths:3 | Killed Jory
 59868 | Depths:3 | Reached XP level 26. HP: 190/211 MP: 33/33
 59985 | Depths:3 | Identified the Compendium of the Forsaken Lives
 60410 | Depths:4 | Received a gift from Nemelex Xobeh
 60648 | Depths:4 | Found a one-way gate to the infinite horrors of the Abyss.
 61071 | Depths:4 | Found a bloodstained altar of Trog.
 61443 | Depths:4 | Noticed the Enchantress
 61477 | Depths:4 | Killed the Enchantress
 61628 | Depths:5 | Entered Level 5 of the Depths
 61670 | Depths:5 | Received a gift from Nemelex Xobeh
 61825 | Depths:5 | Received a gift from Nemelex Xobeh
 62105 | Depths:5 | Found Fotam's Pet Rocks.
 62380 | Depths:5 | Found a gate to the Realm of Zot.
 63381 | Vaults:5 | Entered Level 5 of the Vaults
 63395 | Vaults:5 | Reached XP level 27. HP: 219/219 MP: 33/33
 63395 | Vaults:5 | Noticed an ancient lich
 63397 | Vaults:5 | Reached skill level 10 in Evocations
 63412 | Vaults:5 | Reached skill level 27 in Axes
 63417 | Vaults:5 | Noticed an ancient lich
 63420 | Vaults:5 | Noticed an ancient lich
 63421 | Vaults:5 | Killed an ancient lich
 63563 | Vaults:5 | Killed an ancient lich
 63563 | Vaults:5 | Reached skill level 15 in Invocations
 63576 | Vaults:5 | Reached skill level 10 in Dodging
 63594 | Vaults:5 | Identified the cursed +1 ring mail of Zabab {rElec rC+
                  | Int+2 Dex+4}
 63611 | Vaults:5 | Killed an ancient lich
 63774 | Vaults:5 | Identified a +2 pair of boots of running (You found it on
                  | level 5 of the Vaults)
 63821 | Vaults:5 | Identified the +3 leather armour "Buhuposko" {rPois Int+2}
 63899 | Vaults:5 | Received a gift from Nemelex Xobeh
 64006 | Vaults:5 | Got a silver rune of Zot
 64008 | Vaults:5 | Noticed an ancient lich
 64019 | Vaults:5 | Killed an ancient lich
 64044 | Vaults:5 | Identified the Handbook of Cankerous Flight
 64225 | Vaults:5 | Gained mutation: You do not regenerate when monsters are
                  | visible. [a neqoxec]
 64276 | Vaults:5 | Noticed an ancient lich
 64284 | Vaults:5 | Killed an ancient lich
 64474 | Vaults:5 | Received a gift from Nemelex Xobeh
 65051 | Slime:1  | Entered Level 1 of the Pits of Slime
 65074 | Slime:1  | Gained mutation: Your spells are a little easier to cast,
                  | but a little less powerful. [a shining eye]
 65080 | Slime:1  | Gained mutation: You are partially covered in rugged brown
                  | scales. (AC +1, +3% HP) [a shining eye]
 65084 | Slime:1  | Gained mutation: Scrolls take you a little longer to read.
                  | [a shining eye]
 65153 | Slime:1  | Gained mutation: You possess an exceptional clarity of
                  | mind. [a shining eye]
 65297 | Slime:2  | Gained mutation: Armour fits poorly on your strangely
                  | shaped body. [a shining eye]
 65325 | Slime:2  | Gained mutation: You are weak. (Str -2) [a shining eye]
 65351 | Slime:3  | Received a gift from Nemelex Xobeh
 65428 | Slime:5  | Entered Level 5 of the Pits of Slime
 65445 | Slime:5  | Noticed the Royal Jelly
 65454 | Slime:5  | Killed the Royal Jelly
 65498 | Slime:5  | Gained mutation: You passively map a small area around you.
                  | [a shining eye]
 65503 | Slime:5  | Gained mutation: Scrolls take you longer to read. [a
                  | shining eye]
 65527 | Slime:5  | Got a smoking pewter ring
 65530 | Slime:5  | Identified the ring "Juonloch" {rF+ EV+4} (You found it on
                  | level 5 of the Pits of Slime)
 65592 | Slime:5  | Got a slimy rune of Zot
 65712 | Slime:1  | Received a gift from Nemelex Xobeh
 66120 | Depths:5 | Lost mutation: You possess an exceptional clarity of mind.
                  | [potion of mutation]
 66120 | Depths:5 | Lost mutation: You passively map a small area around you.
                  | [potion of mutation]
 66120 | Depths:5 | Gained mutation: You occasionally shout uncontrollably at
                  | your foes. [potion of mutation]
 66120 | Depths:5 | Gained mutation: You have very sharp teeth. [potion of
                  | mutation]
 66120 | Depths:5 | Gained mutation: You evolve. [potion of mutation]
 66120 | Depths:5 | Gained mutation: You are partially covered in yellow
                  | scales. (AC +2) [potion of mutation]
 66121 | Depths:5 | Lost mutation: You evolve. [potion of mutation]
 66121 | Depths:5 | Lost mutation: You are weak. (Str -2) [potion of mutation]
 66121 | Depths:5 | Lost mutation: Your spells are a little easier to cast, but
                  | a little less powerful. [potion of mutation]
 66121 | Depths:5 | Gained mutation: You are agile. (Dex +2) [potion of
                  | mutation]
 66122 | Depths:5 | Lost mutation: You are agile. (Dex +2) [potion of mutation]
 66122 | Depths:5 | Lost mutation: Scrolls take you longer to read. [potion of
                  | mutation]
 66122 | Depths:5 | Lost mutation: You occasionally shout uncontrollably at
                  | your foes. [potion of mutation]
 66122 | Depths:5 | Gained mutation: You have large cloven feet. [potion of
                  | mutation]
 66123 | Depths:5 | Lost mutation: Armour fits poorly on your strangely shaped
                  | body. [potion of mutation]
 66123 | Depths:5 | Lost mutation: Scrolls take you a little longer to read.
                  | [potion of mutation]
 66123 | Depths:5 | Lost mutation: You have large cloven feet. [potion of
                  | mutation]
 66123 | Depths:5 | Gained mutation: Your flesh is heat resistant. (rF+)
                  | [potion of mutation]
 66123 | Depths:5 | Gained mutation: Scrolls take you a little longer to read.
                  | [potion of mutation]
 66123 | Depths:5 | Gained mutation: You are resistant to electric shocks.
                  | (rElec) [potion of mutation]
 66124 | Depths:5 | Lost mutation: You do not regenerate when monsters are
                  | visible. [potion of mutation]
 66124 | Depths:5 | Lost mutation: You are partially covered in yellow scales.
                  | (AC +2) [potion of mutation]
 66124 | Depths:5 | Lost mutation: Your flesh is heat resistant. (rF+) [potion
                  | of mutation]
 66124 | Depths:5 | Gained mutation: You are dopey. (Int -2) [potion of
                  | mutation]
 66124 | Depths:5 | Gained mutation: Your body sometimes deteriorates upon
                  | taking damage. [potion of mutation]
 66124 | Depths:5 | Gained mutation: You are agile. (Dex +2) [potion of
                  | mutation]
 66125 | Depths:5 | Lost mutation: Scrolls take you a little longer to read.
                  | [potion of mutation]
 66125 | Depths:5 | Lost mutation: Your body sometimes deteriorates upon taking
                  | damage. [potion of mutation]
 66125 | Depths:5 | Lost mutation: You are dopey. (Int -2) [potion of mutation]
 66125 | Depths:5 | Lost mutation: You are agile. (Dex +2) [potion of mutation]
 66125 | Depths:5 | Gained mutation: You are dopey. (Int -2) [potion of
                  | mutation]
 66125 | Depths:5 | Gained mutation: You have large cloven feet. [potion of
                  | mutation]
 66129 | Zot:1    | Entered Level 1 of the Realm of Zot
 66746 | Zot:4    | Received a gift from Nemelex Xobeh
 67070 | Zot:3    | Noticed an ancient lich
 67078 | Zot:3    | Killed an ancient lich
 67087 | Zot:3    | Noticed a Killer Klown
 67089 | Zot:3    | Noticed a Killer Klown
 67095 | Zot:3    | Noticed a Killer Klown
 67096 | Zot:3    | Killed a Killer Klown
 67108 | Zot:3    | Killed a Killer Klown
 67132 | Zot:3    | Killed a Killer Klown
 67334 | Zot:3    | Noticed a Killer Klown
 67346 | Zot:3    | a Killer Klown changed into a titan
 67361 | Zot:3    | Received a gift from Nemelex Xobeh
 68319 | Zot:5    | Entered Level 5 of the Realm of Zot
 68634 | Zot:5    | Received a gift from Nemelex Xobeh
 68954 | Zot:5    | Noticed an orb of fire
 68962 | Zot:5    | Gained mutation: You are weak. (Str -2) [an orb of fire]
 68964 | Zot:5    | Killed an orb of fire
 68964 | Zot:5    | Noticed an orb of fire
 68966 | Zot:5    | Gained mutation: You are very dopey. (Int -4) [an orb of
                  | fire]
 68967 | Zot:5    | Gained mutation: Your system is resistant to poisons.
                  | (rPois) [an orb of fire]
 68979 | Zot:5    | Killed an orb of fire
 68979 | Zot:5    | Noticed an ancient lich
 68985 | Zot:5    | Killed an ancient lich
 68985 | Zot:5    | Noticed an ancient lich
 68989 | Zot:5    | Killed an ancient lich
 68997 | Zot:5    | Noticed an ancient lich
 69008 | Zot:5    | Killed an ancient lich
 69008 | Zot:5    | Noticed an orb of fire
 69009 | Zot:5    | Gained mutation: You occasionally shout uncontrollably at
                  | your foes. [an orb of fire]
 69016 | Zot:5    | Gained mutation: You are clumsy. (Dex -2) [an orb of fire]
 69040 | Zot:5    | Killed an orb of fire
 69040 | Zot:5    | Noticed an orb of fire
 69041 | Zot:5    | Gained mutation: Your spells are a little easier to cast,
                  | but a little less powerful. [an orb of fire]
 69047 | Zot:5    | Killed an orb of fire
 69057 | Zot:5    | Noticed an orb of fire
 69059 | Zot:5    | Lost mutation: You are weak. (Str -2) [an orb of fire]
 69060 | Zot:5    | Gained mutation: You are very clumsy. (Dex -4) [an orb of
                  | fire]
 69065 | Zot:5    | Lost mutation: You are very clumsy. (Dex -4) [an orb of
                  | fire]
 69075 | Zot:5    | Killed an orb of fire
 69084 | Zot:5    | Noticed an orb of fire
 69088 | Zot:5    | Lost mutation: You are very dopey. (Int -4) [an orb of
                  | fire]
 69098 | Zot:5    | Killed an orb of fire
 69098 | Zot:5    | Noticed a Killer Klown
 69106 | Zot:5    | Noticed an ancient lich
 69119 | Zot:5    | Killed an ancient lich
 69122 | Zot:5    | Killed a Killer Klown
 69122 | Zot:5    | Noticed a Killer Klown
 69137 | Zot:5    | Killed a Killer Klown
 69138 | Zot:5    | Noticed a Killer Klown
 69163 | Zot:5    | Killed a Killer Klown
 69222 | Zot:5    | Noticed an orb of fire
 69232 | Zot:5    | Gained mutation: Your magical capacity is low. (-10% MP)
                  | [an orb of fire]
 69234 | Zot:5    | Killed an orb of fire
 69360 | Zot:5    | Noticed an orb of fire
 69372 | Zot:5    | Killed an orb of fire
 69432 | Zot:5    | Received a gift from Nemelex Xobeh
 69842 | Zot:5    | Got the Orb of Zot
 69860 | Zot:5    | Noticed Hiaha the pandemonium lord
 69864 | Zot:5    | Killed Hiaha the pandemonium lord
 70226 | D:11     | Noticed Roashrot the pandemonium lord
 70230 | D:11     | Reached skill level 15 in Dodging
 70245 | D:11     | Killed Roashrot the pandemonium lord
 70507 | D:$      | Escaped with the Orb!

Illustrated notes

Levels and vault maps discovered:
D:1:      dpeg_arrival_shrine, layout_basic
D:2:      layout_basic, chequers_temple_overflow_minitemple, first_ration,
          minivault_19, uniq_sigmund
D:3:      layout_basic, uniq_grinder
D:4:      layout_rooms, kennysheep_little_box, hex_large
D:5:      minmay_bubble_buster, layout_rooms, serial_shops, kennysheep_mini,
          basic_altar, gammafunk_ghost_smash, st_stairs_7,
          grunt_dithmenos_smoke_and_mirrors
D:6:      layout_cave_pools, grunt_ministairs_15, kennysheep_generic_room_15,
          uniq_edmund, uniq_blork_the_orc
D:7:      layout_basic, temple_statues
D:8:      layout_basic, serial_shops, shop_fountains
D:9:      layout_roguey, orc_0_dummy
D:10:     layout_irregular_city, serial_shops, shop, hangedman_fish_farm
D:11:     layout_layer_cave, lair_entry_dummy
D:12:     layout_basic, uniq_azrael
D:13:     lemuel_flame_loot_2, layout_long_grid, basic_altar, special_room
          [special_room_bee], uniq_sonja, uniq_snorg
D:14:     layout_small_grid, grunt_vaults_entry_tiered, gauntlet_entry_generic,
          portal_ice_cave_entry_imps, dk_noncrumbling_2, kennysheep_doodads,
          uniq_jorgrun, uniq_roxanne, uniq_josephine
D:15:     gammafunk_depths_entry_grave, layout_stronghold,
          nicolae_twisting_strands, hangedman_decor_diamond_cutter
Lair:1:   layout_misc_corridors, chequers_serial_rivers_micro_a,
          lemuel_fruit_tree
Lair:2:   layout_chaotic_city, guppyfry_snake_entry_island, grunt_megastairs_1,
          serial_bayou_shore_b
Lair:3:   beast_lair_carwin_large_2, layout_cave_pods, elwin_shoals_entry_rocks,
          roderic_carrion_pond
Lair:4:   layout_cellular_growth, cheibrodos_lair_reptile_den
Lair:5:   layout_loops_ring, serial_bayou_shore_b, infiniplex_staircase_pool,
          uniq_kirke
Lair:6:   cheibrodos_lair_end_hotspot, layout_gridlike, slime_altar_2
Shoals:1: layout_shoals, nicolae_shoals_kraken_intersection
Shoals:2: layout_shoals
Shoals:3: layout_shoals, ebering_ghost_gozag, nicolae_shoals_undead_eyrie,
          uniq_mara
Shoals:4: shoals_end_grunt_ice, layout_shoals, nicolae_shoals_this_corrosion,
          uniq_polyphemus, uniq_aizul, uniq_nikola
Snake:1:  layout_layer_cave, basic_altar, gammafunk_ghost_split
Snake:2:  layout_chambers
Snake:3:  layout_basic, grunt_ministairs_8, uniq_vashnia
Snake:4:  snake_pit, layout_cave_town, uniq_louise
Slime:1:  layout_caves
Slime:2:  layout_caves, nicolae_slime_welcoming_committee
Slime:3:  layout_caves
Slime:4:  layout_caves, cheibrodos_slime_lost_civilization_4
Slime:5
Orc:1:    layout_diamond_mine
Orc:2:    grunt_orc_community_town_hall, layout_caves,
          grunt_orc_community_big_house_1, grunt_orc_community_big_house_2,
          grunt_orc_community_house_1, grunt_orc_community_house_1,
          grunt_orc_community_house_1, grunt_orc_community_house_3,
          grunt_orc_community_house_2, grunt_orc_community_house_3,
          special_room, uniq_maurice
Elf:1:    layout_rooms, minmay_elf_annihilation
Elf:2:    layout_geoelf_octagon, serial_shops, shop, uniq_donald
Elf:3:    elf_hall, layout_geoelf_castle, serial_shops, shop
Vaults:1: v_rooms_1, nicolae_vaults_yaktaur_gun_rack, hangedman_vaults_nails,
          nicolae_vaults_an_arrangement, nicolae_vaults_little_squares_2,
          v_misc_4, dpeg_vaults_monster_box, nicolae_vaults_little_squares_1,
          nicolae_vaults_little_squares_6, v_alt_pattern_2, vaults_room_grid,
          grunt_vaults_focal, layout_vaults_big_room
Vaults:2: vaults_dpeg_hooks, nicolae_vaults_three_branches,
          ontoclasm_vaults_shout, vaults_mumra_chevron,
          ontoclasm_vaults_loading_screen, ontoclasm_vaults_ring_small,
          nicolae_vaults_network_square, hangedman_vaults_pinch,
          ontoclasm_vaults_shuriken, nicolae_vaults_alarming, v_pattern_1,
          nicolae_vaults_angled_halls, grunt_vaults_hallway_short, v_misc_12,
          hangedman_vaults_stretched_pinwheel, layout_vaults_maze
Vaults:3: v_misc_4, vaults_dpeg_encased_lava, vaults_room_pools,
          vaults_dpeg_diagonal, minmay_crypt_entry_simple_box, v_misc_32,
          vaults_room_stairs_pillars, ontoclasm_vaults_decontamination,
          layout_vaults_quadrants, infiniplex_enter_wizlab_spiral, serial_shops,
          shop, uniq_mennas
Vaults:4: hangedman_vaults_unwind, hangedman_vaults_locks,
          nicolae_vaults_circle_grid_b, v_misc_8, ontoclasm_vaults_bender,
          sword_in_stone, v_pattern_5, grunt_vaults_funnel,
          nicolae_vaults_little_squares_3, ontoclasm_vaults_hangar,
          nicolae_vaults_asterisk, nicolae_vaults_mini_display_case,
          nicolae_vaults_gold_heap, layout_vaults_ring
Vaults:5: serial_shops
Depths:1: layout_cave_shapes, kennysheep_nub, hell_entry, minmay_statues_item,
          hangedman_abyss_or_decor_stabs, corexii_leaking_fountain,
          nicolae_sextant, tso_altar
Depths:2: grunt_crosshair, layout_twisted_cross, gammafunk_ghost_necromancy,
          serial_shops, shop, hell_entry, minmay_misc_feat_cross, uniq_asterion
Depths:3: lemuel_vampire_tower, layout_basic, hell_entry, kennysheep_boxes,
          pan_entry, kennysheep_generic_room_2, infiniplex_staircase_pillars_3a
Depths:4: spriggan_forest, abyss_entry, hell_entry
Depths:5: evilmike_zot_entry_gauntlet, layout_cave_shapes,
          minmay_misc_feat_doors, grunt_mini_vestibule, guppyfry_shop_earth,
          infiniplex_staircase_pool_lava
Zot:1:    layout_misc_corridors
Zot:2:    layout_misc_corridors, st_single_dragon_hoard_2
Zot:3:    ebering_klown_carousel, layout_twisted_circle
Zot:4:    layout_misc_corridors
Zot:5:    layout_gridlike

Skill      XL: |  1  2  3  4  5  6  7  8  9 10 11 12 13 14 15 16 17 18 19 20 21 22 23 24 25 26 27 |
---------------+----------------------------------------------------------------------------------+-----
Stealth        | 3 |  3.0
Fighting       | 2 3 4 5 6 7 9 10 11 13 14 15 16 17 18 22 | 22.2
Invocations    | 3 5 6 7 9 10 11 12 13 14 20 | 20.2
Armour         | 2 3 4 7 10 12 14 15 20 | 20.4
Axes           | 2 3 5 7 8 11 14 17 18 20 21 22 23 24 25 26 27 | 27.0
Shields        | 1 2 6 11 14 16 18 19 20 21 25 | 25.1
Maces & Flails | 2 6 |  6.7
Evocations     | 1 2 5 6 8 9 10 | 10.0
Dodging        | 4 5 6 7 9 15 | 15.1
Spellcasting   | |  2.1
Summonings     | |  4.0

Action                   |  1- 3 |  4- 6 |  7- 9 | 10-12 | 13-15 | 16-18 | 19-21 | 22-24 | 25-27 || total
-------------------------+-------+-------+-------+-------+-------+-------+-------+-------+-------++-------
Melee: Unarmed           |    25 |       |       |       |       |       |       |       |       ||    25
       Spear             |    43 |    65 |       |       |       |       |       |       |       ||   108
       War axe           |       |    77 |   183 |   374 |       |       |       |       |       ||   634
       Great mace        |       |       |     9 |   138 |    22 |       |       |       |       ||   169
       Battleaxe         |       |       |       |   116 |   163 |       |       |       |       ||   279
       Executioner's axe |       |       |       |       |   740 |  1136 |  1349 |  1025 |  2685 ||  6935
       Bite              |       |       |       |       |       |       |       |       |   169 ||   169
Throw: Stone             |     2 |     1 |       |       |       |       |       |       |       ||     3
       Dart              |       |    13 |    11 |     2 |       |       |       |       |       ||    26
       Throwing net      |       |       |       |       |       |       |       |       |     3 ||     3
 Cast: Summon Small Mamm |    10 |       |       |       |       |       |       |       |       ||    10
Invok: Draw Destruction  |       |     4 |       |     4 |    24 |       |     7 |     2 |     3 ||    44
       Draw Summoning    |       |     1 |     1 |       |     2 |     4 |     4 |     4 |     1 ||    17
       Deal Four         |       |       |       |       |     1 |       |       |       |     2 ||     3
 Abil: Dig               |       |       |     1 |     2 |     2 |    11 |     2 |     3 |    13 ||    34
Evoke: Wand              |       |       |       |     4 |    17 |     2 |    11 |     6 |    11 ||    51
       Phial of floods   |       |       |       |       |     1 |     2 |     1 |     2 |     1 ||     7
       Tin of tremorston |       |       |       |       |     3 |       |     9 |     3 |     3 ||    18
  Use: Scroll            |       |     7 |    13 |    19 |     9 |     3 |     8 |     7 |    24 ||    90
       Potion            |       |       |       |     1 |     1 |     1 |     5 |       |    17 ||    25
 Stab: Sleeping          |     2 |     3 |       |       |       |       |       |       |       ||     5
       Distracted        |       |     1 |       |       |     1 |     1 |     1 |     2 |     1 ||     7
       Petrified         |       |       |       |       |     4 |       |     8 |       |     5 ||    17
       Confused          |       |       |       |       |       |     1 |       |       |       ||     1
       Invisible         |       |       |       |       |       |       |     3 |       |       ||     3
       Paralysed         |       |       |       |       |       |       |     1 |       |       ||     1
       Held in net/web   |       |       |       |       |       |       |       |       |     1 ||     1
  Eat: Chunk             |     3 |     6 |     8 |    29 |    27 |    19 |    24 |    19 |    21 ||   156
       Ration            |       |       |     1 |     5 |     5 |     4 |     4 |     2 |     8 ||    29
Armor: Robe              |    10 |       |       |       |       |       |       |       |       ||    10
       Ring mail         |     8 |    30 |       |       |       |       |       |       |       ||    38
       Chain mail        |       |    49 |   110 |   373 |   269 |       |       |       |       ||   801
       Plate armour      |       |       |       |       |   311 |   286 |   282 |   162 |   264 ||  1305
       Storm dragon scal |       |       |       |       |       |       |       |       |   266 ||   266
Dodge: Dodged            |    39 |    73 |    56 |   182 |   297 |    94 |   102 |   101 |   372 ||  1316
Block: Buckler           |       |       |    28 |   119 |   424 |    39 |       |       |       ||   610
       Reflection        |       |       |       |     1 |    18 |   189 |   153 |    92 |   140 ||   593
       Tower shield      |       |       |       |       |       |  1243 |  1642 |  1089 |  2973 ||  6947

Table legend:
 A = Non-vault XP
 B = Vault XP
 C = Vault XP percentage of total XP
 D = Non-vault monster count
 E = Vault monster count
 F = Vault count percentage of total count
                 A         B        C        D         E       F
            +---------+---------+-------+---------+---------+-------
      Total |  887241 |  917925 |  50.8 |    1674 |     941 |  36.0
            +---------+---------+-------+---------+---------+-------
        D:1 |      14 |       0 |   0.0 |      10 |       0 |   0.0
        D:2 |      80 |     223 |  73.6 |      23 |       1 |   4.2
        D:3 |     124 |     129 |  51.0 |      26 |       1 |   3.7
        D:4 |     288 |       0 |   0.0 |      11 |       0 |   0.0
        D:5 |     986 |    1320 |  57.2 |      24 |      19 |  44.2
        D:6 |     191 |     388 |  67.0 |       9 |       3 |  25.0
        D:7 |     650 |       0 |   0.0 |      19 |       0 |   0.0
        D:8 |    2400 |       0 |   0.0 |      24 |       0 |   0.0
        D:9 |    2051 |       0 |   0.0 |      21 |       0 |   0.0
       D:10 |    3841 |     332 |   8.0 |      52 |       1 |   1.9
       D:11 |    6028 |       0 |   0.0 |      45 |       0 |   0.0
       D:12 |     990 |    1546 |  61.0 |      15 |       7 |  31.8
       D:13 |    6603 |    3665 |  35.7 |      32 |      26 |  44.8
       D:14 |   10121 |   11283 |  52.7 |      34 |      42 |  55.3
       D:15 |   24854 |    4504 |  15.3 |      55 |       8 |  12.7
     Lair:1 |    2233 |       0 |   0.0 |      13 |       0 |   0.0
     Lair:2 |    2864 |     983 |  25.6 |      15 |       5 |  25.0
     Lair:3 |    2964 |    2594 |  46.7 |      15 |      11 |  42.3
     Lair:4 |    2181 |     928 |  29.8 |       7 |       2 |  22.2
     Lair:5 |    5571 |    3308 |  37.3 |      24 |       8 |  25.0
     Lair:6 |   20576 |   10368 |  33.5 |      57 |      30 |  34.5
   Shoals:1 |   11301 |    2274 |  16.8 |      24 |       1 |   4.0
   Shoals:2 |    9470 |       0 |   0.0 |      24 |       0 |   0.0
   Shoals:3 |   14568 |   12593 |  46.4 |      23 |      14 |  37.8
   Shoals:4 |   13119 |   31866 |  70.8 |      26 |      44 |  62.9
    Snake:1 |   15026 |       0 |   0.0 |      27 |       0 |   0.0
    Snake:2 |   26527 |       0 |   0.0 |      46 |       0 |   0.0
    Snake:3 |   19396 |    8858 |  31.4 |      38 |       9 |  19.1
    Snake:4 |   27808 |   34660 |  55.5 |      44 |      45 |  50.6
    Slime:1 |   24653 |       0 |   0.0 |      43 |       0 |   0.0
    Slime:2 |   10086 |       0 |   0.0 |      13 |       0 |   0.0
    Slime:3 |   10662 |       0 |   0.0 |      19 |       0 |   0.0
    Slime:5 |   12077 |   31379 |  72.2 |      28 |      14 |  33.3
      Orc:1 |    4698 |    2540 |  35.1 |      49 |      13 |  21.0
      Orc:2 |    6544 |    9510 |  59.2 |      60 |      57 |  48.7
      Elf:1 |    8256 |    4059 |  33.0 |      17 |       6 |  26.1
      Elf:2 |   16534 |    1826 |   9.9 |      25 |       2 |   7.4
      Elf:3 |    8426 |   43469 |  83.8 |      21 |      30 |  58.8
   Vaults:1 |   16884 |   26686 |  61.2 |      35 |      39 |  52.7
   Vaults:2 |   27662 |   26964 |  49.4 |      46 |      35 |  43.2
   Vaults:3 |   23518 |   17419 |  42.6 |      34 |      24 |  41.4
   Vaults:4 |   48675 |   37252 |  43.4 |      69 |      25 |  26.6
   Vaults:5 |   54793 |  140576 |  72.0 |      91 |      76 |  45.5
   Depths:1 |   22171 |       0 |   0.0 |      21 |       0 |   0.0
   Depths:2 |   46187 |   50757 |  52.4 |      58 |      48 |  45.3
   Depths:3 |   44609 |   30689 |  40.8 |      49 |      50 |  50.5
   Depths:4 |    3403 |   60354 |  94.7 |      13 |      92 |  87.6
   Depths:5 |   31944 |   31769 |  49.9 |      37 |      30 |  44.8
      Zot:1 |   38992 |       0 |   0.0 |      23 |       0 |   0.0
      Zot:2 |    7007 |       0 |   0.0 |       3 |       0 |   0.0
      Zot:3 |   49241 |   51647 |  51.2 |      27 |      18 |  40.0
      Zot:4 |   59946 |       0 |   0.0 |      30 |       0 |   0.0
      Zot:5 |   61916 |  187567 |  75.2 |      35 |      42 |  54.5
    Abyss:2 |   15532 |     416 |   2.6 |      45 |       1 |   2.2
     WizLab |       0 |   26887 | 100.0 |       0 |      52 | 100.0
   Gauntlet |       0 |    4337 | 100.0 |       0 |      10 | 100.0
            +---------+---------+-------+---------+---------+-------
